 Dungeon Crawl Stone Soup version 0.21.0-37-g46506fa5f3 (webtiles) character file.

37 Jerry the Grave Robber (level 3, 0/24 HPs)
             Began as a Demonspawn Necromancer on Jan 31, 2018.
             Slain by Sigmund
             ... wielding a +0 scythe
              (8 damage)
             ... on level 2 of the Dungeon on Feb 1, 2018.
             The game lasted 00:07:15 (1721 turns).

Jerry the Grave Robber (Demonspawn Necromancer)     Turns: 1721, Time: 00:07:15

Health: 0/24       AC:  2    Str: 10    XL:     3   Next: 23%
Magic:  0/6        EV: 12    Int: 22    God:
Gold:   34         SH:  0    Dex: 13    Spells: 1/6 levels left

rFire    . . .     SeeInvis .   i - +0 falchion
rCold    . . .     Gourm    .   (no shield)
rNeg     . . .     Faith    .   a - +0 robe
rPois    .         Spirit   +   (no helmet)
rElec    .         Reflect  .   (no cloak)
rCorr    .         Harm     .   (no gloves)
MR       .....                  (no boots)
Stlth    ++........             (no amulet)
HPRegen  0.08/turn              g - +5 ring of intelligence
MPRegen  0.10/turn              h - +2 ring of strength

@: no status effects
A: claws 1, magic shield
a: no special abilities


You were on level 2 of the Dungeon.
You were hungry.

You visited 1 branch of the dungeon, and saw 2 of its levels.

You collected 34 gold pieces.

Inventory:

Hand Weapons
 i - a +0 falchion (weapon)
 o - a +0 hunting sling of velocity
Armour
 a - a +0 robe (worn)
Jewellery
 g - a +5 ring of intelligence (left claw)
 h - a +2 ring of strength (right claw)
Scrolls
 e - a scroll of magic mapping {unknown}
 f - 4 scrolls of teleportation {unknown}
 l - a scroll of noise {unknown}
Potions
 j - a potion of curing {unknown}
 n - a potion of heal wounds {unknown}
Books
 b - a book of Necromancy

   Spells                             Type                      Level
   a - Pain                           Necromancy                   1
   b - Animate Skeleton               Necromancy                   1
   c - Vampiric Draining              Necromancy                   3
   d - Regeneration                   Charms/Necromancy            3
   e - Animate Dead                   Necromancy                   4
   f - Borgnjor's Vile Clutch         Necromancy/Earth             5
Comestibles
 c - 3 rations
 m - 2 chunks of flesh


   Skills:
 - Level 1.8 Dodging
 + Level 2.3 Stealth
 + Level 2.3 Spellcasting
 * Level 5.0 Necromancy


You had one spell level left.
You knew the following spells:

 Your Spells              Type           Power        Failure   Level  Hunger
a - Pain                  Necr           ####         1%          1    None
b - Animate Skeleton      Necr           N/A          1%          1    None
c - Vampiric Draining     Necr           ####......   4%          3    ###....


Dungeon Overview and Level Annotations

Branches:
Dungeon (2/15)

Altars:
Okawaru

Annotations:
D:2 Sigmund


Innate Abilities, Weirdness & Mutations

You have sharp fingernails.
When hurt, damage is shared between your health and your magic reserves.


Message History

You feel less confused.
Sigmund hits you from afar with a scythe!
There is an open door here.
Sigmund screams, "Don't try to resist!"
Sigmund points at you and mumbles some strange words.
You are confused.
Sigmund gestures wildly while chanting.
Sigmund flickers and vanishes!
Deactivating autopickup; reactivate with Ctrl-A.
You see here 2 inedible chunks of flesh.
You bump into the rock wall.
You feel less confused.
You are confused.
You see here a whip.
You feel less confused.
You are feeling hungry.
You see here a whip.
Something hits you. Something hits you!
You die...

#.%# .#.... #..#
#.#.#.... #.
#..####........ #..
#............. #.#
#............ #.#
#..........# #.#
#.#........# #.#
#.#........#
##.#####.#..).@...#
#........####.#.#.# #
#..####### ##+#[#.## .
#..####### #.......#
.##........# #.......#
..#........# #.......#
#.#........# #.......#
#....#########.......#
##...............<...#


There were no monsters in sight!

Vanquished Creatures
  4 dart slugs (D:1)
  A leopard gecko (D:1)
  2 giant cockroaches
  3 goblins
  3 hobgoblins (D:1)
  5 bats
  A frilled lizard (D:1)
  4 kobolds
  3 rats
26 creatures vanquished.

Vanquished Creatures (collateral kills)
  A bat (D:1)
1 creature vanquished.

Grand Total: 27 creatures vanquished

Notes
Turn   | Place    | Note
-------+----------+-------------------------------------------
     0 | D:1      | Jerry the Demonspawn Necromancer began the quest for the Orb.
     0 | D:1      | Reached XP level 1. HP: 13/13 MP: 3/3
   265 | D:1      | Gained mutation: You have sharp fingernails. [demonic ancestry]
   265 | D:1      | Reached XP level 2. HP: 15/19 MP: 0/5
   316 | D:1      | Learned a level 1 spell: Animate Skeleton
   951 | D:1      | Found an iron altar of Okawaru.
  1283 | D:1      | Reached skill level 5 in Necromancy
  1283 | D:1      | Gained mutation: When hurt, damage is shared between your health and your magic reserves. [demonic ancestry]
  1283 | D:1      | Reached XP level 3. HP: 14/24 MP: 1/6
  1492 | D:2      | Learned a level 3 spell: Vampiric Draining
  1628 | D:2      | Noticed Sigmund
  1721 | D:2      | Slain by Sigmund

Skill      XL: |  1  2 |
---------------+-------+-----
Stealth        | 2 |  2.3
Necromancy     | 5 |  5.0
Dodging        | |  1.8
Spellcasting   | |  2.3

Action                   || total
-------------------------++-------
Melee: Club              ||     8
 Cast: Pain              ||    51
       Animate Skeleton  ||     5
  Use: Potion            ||     1
  Eat: Chunk             ||     2
Armor: Robe              ||     1
       Skin              ||     9
Dodge: Dodged            ||    22
       Rpst.: Falchion   ||     1
